 Dungeon Crawl Stone Soup version 0.29-a0-613-gf2c431b9b9 (webtiles) character file.

Game seed: 1248284672738553838

396 Gwenloh the Cudgeller (level 6, -7/62 HPs)
             Began as a Troll Chaos Knight on June 16, 2022.
             Was a Plaything of Xom.
             Mangled by Menkaure (19 damage)
             ... on level 4 of the Dungeon.
             The game lasted 00:11:04 (2672 turns).

Gwenloh the Cudgeller (Troll Chaos Knight)          Turns: 2672, Time: 00:11:05

Health: -7/62      AC:  7    Str: 21    XL:     6   Next: 52%
Magic:  5/5        EV: 10    Int:  8    God:    Xom [...*..]
Gold:   138        SH:  4    Dex: 11    Spells: 5/5 levels left

rFire   . . .      SeeInvis .   a - +4 spear
rCold   . . .      Faith    .   (no shield)
rNeg    . . .      Spirit   .   x - +0 troll leather armour {Pargi}
rPois   .          Reflect  .   (helmet restricted)
rElec   .          Harm     .   o - +0 cloak
rCorr   .          Rampage  .   (gloves unavailable)
Will    +....                   (boots unavailable)
Stlth   ++........              (no amulet)
HPRegen 1.80/turn               i - ring of willpower
MPRegen 0.09/turn               (no ring)

@: cleaving
A: large, unfitting armour, claws 3, regeneration 1, shaggy fur 1, tough skin 1,
horns 1, large bone plates 1, camouflage 1
a: Renounce Religion


You were on level 4 of the Dungeon.
You worshipped Xom.
You were a favourite toy of Xom.
You visited 1 branch of the dungeon, and saw 4 of its levels.

You collected 138 gold pieces.

Inventory:

Hand Weapons
 a - a +4 spear (weapon)
 m - a +0 mace of chaos
Missiles
 d - 89 stones
 A - a throwing net
Armour
 b - a +2 robe
 o - a +0 cloak (worn)
 x - a +0 troll leather armour (worn) {Pargi}
Jewellery
 i - a ring of willpower (left claw)
 u - an amulet of faith
Scrolls
 e - a scroll of acquirement {unknown}
 f - 2 scrolls of teleportation {unknown}
 g - 4 scrolls of identify {unknown}
 j - a scroll of silence {unknown}
 k - a scroll of enchant armour {unknown}
 l - 2 scrolls of fog {unknown}
 n - a scroll of poison {unknown}
 s - a scroll of torment {unknown}
 w - a scroll of immolation {unknown}
 y - a scroll of fear {unknown}
Potions
 h - a potion of resistance {unknown}
 p - a potion of magic {unknown}
 r - 2 potions of ambrosia {unknown}
 t - a potion of lignification {unknown}
 v - 3 potions of brilliance {unknown}
 z - a potion of curing {unknown}
Miscellaneous
 c - a piece from Xom's chessboard (10/15) (quivered)


   Skills:
 + Level 4.0 Fighting
 + Level 4.4 Maces & Flails
 + Level 3.7 Dodging


You had 5 spell levels left.
You didn't know any spells.
Your spell library contained the following spells:

 Spells                   Type           Power      Damage    Failure   Level
 Beastly Appendage        Tmut           0%         N/A       45%         1
 Slow                     Hex            0%         N/A       45%         1
 Wereblood                Tmut           0%         N/A       58%         2
 Confusing Touch          Hex            0%         N/A       83%         3
 Dazzling Flash           Conj/Hex       0%         N/A       83%         3
 Spider Form              Tmut/Pois      0%         N/A       83%         3
 Vampiric Draining        Necr           0%         2d6       83%         3
 Agony                    Necr           0%         N/A       100%        5
 Silence                  Hex/Air        0%         N/A       100%        5


Dungeon Overview and Level Annotations

Branches:
Dungeon (4/15)
 Temple: D:4-7

Altars:
Sif Muna
Xom

Annotations:
D:4 Menkaure


Innate Abilities, Weirdness & Mutations

You are too large for most types of armour.
You have claws for hands.
Your natural rate of healing is unusually fast.
You are covered in fur. (AC +1)
You have tough skin. (AC +1)
You have a pair of small horns on your head.
You are partially covered in large bone plates. (SH +4)
Your skin changes colour to match your surroundings (Stealth+).


Message History

Xom does a drum roll.
You are now a favourite toy of Xom.
You hear an angry hiss.
Menkaure mumbles some strange words.
Menkaure seems to speed up.
You are now empty-clawed.
a - a +4 spear (weapon)
You make a move on Xom's chessboard...
Menkaure seems to grow stronger.
Menkaure murmurs, "Let me perform the rites..."
You make a move on Xom's chessboard...
Menkaure resists with some effort.
You reach to attack!
You puncture Menkaure!
Menkaure is moderately damaged.
You hit Menkaure.
Menkaure is heavily damaged.
Menkaure murmurs a few words.
Menkaure barely misses you. x2
You hit Menkaure.
Menkaure is heavily damaged.
Menkaure hits you!!
You hit Menkaure.
Menkaure is severely damaged.
Menkaure hits you!!
* * * LOW HITPOINT WARNING * * *
You feel much better.
Menkaure calls on the powers of darkness!
Your body is wracked with pain!
* * * LOW HITPOINT WARNING * * *
You are too injured to fight recklessly!
You hit Menkaure.
You headbutt Menkaure, but do no damage.
Menkaure is severely damaged.
Menkaure calls on the powers of darkness!
Your body is wracked with pain!
* * * LOW HITPOINT WARNING * * *
You block Menkaure's attack.
Okay, then.
You hit Menkaure.
You headbutt Menkaure, but do no damage.
Menkaure is almost destroyed.
Menkaure hits you!!
You die...

.................. ...
#######..######### #M#
#.## # #.# #.# # #.# #.#
# #.# ####.# ## #. #.#
#....# .. ###.
##.#######.######. ....
#.....M@....####.. #...
##....###.....##.# #.#.
#.##..##>###..#.####.##
#..###.##.####.#.#....#.
#.## #...........#.#....
#. ####.####.....#.#..
.. ................... .
##. ###.#.>.##.....|).
.. #. ##....###..)##.##


You could see Menkaure (fast, strong).

Vanquished Creatures
  Pargi (D:4)
  A hound (D:4)
  An iguana (D:4)
  An orc wizard (D:3)
  8 adders
  4 gnolls (D:4)
  3 worms
  A dart slug (D:1)
  An orc (D:3)
  5 bats
  10 endoplasms
  3 giant cockroaches
  11 goblins
  10 hobgoblins
  4 jackals (D:4)
  A quokka (D:3)
  3 ball pythons
  7 frilled lizards
  4 kobolds
  2 rats
81 creatures vanquished.

Vanquished Creatures (collateral kills)
  Robin (D:4)
  An adder (D:4)
  2 goblins (D:4)
  2 hobgoblins (D:4)
6 creatures vanquished.

Grand Total: 87 creatures vanquished

Notes
Turn   | Place    | Note
-------+----------+-------------------------------------------
     0 | D:1      | Gwenloh the Troll Chaos Knight began the quest for the Orb.
     0 | D:1      | Reached XP level 1. HP: 22/22 MP: 0/0
   167 | D:1      | Reached XP level 2. HP: 29/29 MP: 1/1
   331 | D:1      | Found a faded altar of an unknown god.
   528 | D:2      | XOM: cloud trail
   556 | D:2      | Reached XP level 3. HP: 33/36 MP: 2/2
   817 | D:2      | XOM: 2-stop teleportation journey
   870 | D:2      | XOM: cast spell 'Olgreb's Toxic Radiance'
  1000 | D:2      | XOM: cloud trail
  1017 | D:2      | XOM: scenery: create altars
  1236 | D:3      | XOM: give mutation
  1236 | D:3      | Gained mutation: Your skin changes colour to match your
                  | surroundings (Stealth+). [Xom's grace]
  1290 | D:3      | Reached XP level 4. HP: 44/45 MP: 3/3
  1446 | D:3      | XOM: give mutations
  1446 | D:3      | Gained mutation: You have a pair of small horns on your
                  | head. [Xom's grace]
  1446 | D:3      | Gained mutation: Your muscles are strong. (Str +4,
                  | Int/Dex-1) [Xom's grace]
  1446 | D:3      | Gained mutation: Your flesh is heat resistant. (rF+) [Xom's
                  | grace]
  1446 | D:3      | Gained mutation: You are partially covered in large bone
                  | plates. (SH +4) [Xom's grace]
  1592 | D:3      | Found a shimmering blue altar of Sif Muna.
  1771 | D:3      | XOM: give mutations
  1771 | D:3      | Lost mutation: Your muscles are strong. (Str +4, Int/Dex-1)
                  | [Xom's mischief]
  1771 | D:3      | Lost mutation: Your flesh is heat resistant. (rF+) [Xom's
                  | mischief]
  1960 | D:3      | Reached XP level 5. HP: 47/53 MP: 4/4
  2298 | D:4      | Noticed Robin
  2306 | D:4      | Noticed Pargi
  2306 | D:4      | XOM: cast spell 'Discord'
  2317 | D:4      | Killed Robin
  2331 | D:4      | Killed Pargi
  2332 | D:4      | Reached XP level 6. HP: 52/62 MP: 5/5
  2656 | D:4      | Noticed Menkaure
  2656 | D:4      | XOM: cleaving
  2657 | D:4      | XOM: noise
  2672 | D:4      | Mangled by Menkaure

Illustrated notes

Levels and vault maps discovered:
D:1:      dpeg_arrival_concentric_ovals, layout_rooms,
          shapermc_ecumenical_altar_flowoftime
D:2:      layout_basic
D:3:      layout_loops_corners, led_sif_book, minmay_misc_feat_iff
D:4:      layout_rooms, grunt_gozag_breadcrumbs, uniq_robin, uniq_pargi,
          uniq_menkaure, uniq_natasha

Skill      XL: |  1  2  3  4  5  6 |
---------------+-------------------+-----
Dodging        | 2 3 |  3.7
Maces & Flails | 3 4 |  4.4
Fighting       | 3 4 |  4.0

Action                   |  1- 3 |  4- 6 || total
-------------------------+-------+-------++-------
Melee: Mace              |    56 |     4 ||    60
       Spear             |    48 |   145 ||   193
       Headbutt          |       |    16 ||    16
       Punch             |       |     1 ||     1
Throw: Stone             |       |    30 ||    30
Evoke: Piece from Xom's  |     6 |     9 ||    15
  Use: Potion            |       |     2 ||     2
 Stab: Petrified         |     9 |       ||     9
       Paralysed         |     2 |       ||     2
       Sleeping          |       |     7 ||     7
Armor: Robe              |    44 |    44 ||    88
       Troll leather arm |       |     8 ||     8
Dodge: Dodged            |    39 |    58 ||    97
Block: Other             |       |    25 ||    25

Table legend: (Time is in decaauts)
 A = Elapsed time spent in this place.
 B = Non-inter-level travel time spent in this place.
 C = Inter-level travel time spent in this place.
 D = Time resting spent in this place.
 E = Time spent auto-exploring this place.
 F = Levels seen in this place.
 G = Mean time per level.
                   A        B        C        D        E       F      G
               +--------+--------+--------+--------+--------+-----+--------+
         Total |   2704 |   2643 |     61 |    100 |   1708 |   4 |  676.0 |
       Dungeon |   2704 |   2643 |     61 |    100 |   1708 |   4 |  676.0 |
               +--------+--------+--------+--------+--------+-----+--------+

Top non-repeatable levels by time:
     D:3: 1006 daAuts
     D:2: 595 daAuts
     D:4: 573 daAuts
     D:1: 529 daAuts
